 Dungeon Crawl Stone Soup version 0.29-a0-40-g8eb35efe60 (webtiles) character file.

Game seed: 17239414237394769081

1 crazypyro the Grave Robber (level 1, 0/13 HPs)
             Began as a Demonspawn Necromancer on Feb 1, 2022.
             Slain by a jackal (1 damage)
             ... on level 1 of the Dungeon.
             The game lasted 00:00:10 (43 turns).

crazypyro the Grave Robber (Demonspawn Necromancer)   Turns: 43, Time: 00:00:11

Health: 0/13       AC:  2    Str:  8    XL:     1   Next: 16%
Magic:  1/3        EV: 12    Int: 16    God:
Gold:   0          SH:  0    Dex: 13    Spells: 3/4 levels left

rFire   . . .      SeeInvis .   (no weapon)
rCold   . . .      Faith    .   (no shield)
rNeg    . . .      Spirit   .   a - +0 robe
rPois   .          Reflect  .   (no helmet)
rElec   .          Harm     .   (no cloak)
rCorr   .          Rampage  .   (no gloves)
Will    .....                   (no boots)
Stlth   ++........              (no amulet)
HPRegen 0.04/turn               (no ring)
MPRegen 0.08/turn               (no ring)

@: no status effects
A: no striking features
a: no special abilities


You were on level 1 of the Dungeon.
You visited 1 branch of the dungeon, and saw 1 of its levels.

Inventory:

Armour
 a - a +0 robe (worn)


   Skills:
 + Level 1.8 Dodging
 + Level 1.8 Stealth
 + Level 2.0 Spellcasting
 + Level 4.4 Necromancy


You had 3 spell levels left.
You knew the following spells:

 Your Spells              Type           Power      Damage    Failure   Level
a - Pain                  Necr           60%        1d7       3%          1

Your spell library contained the following spells:

 Spells                   Type           Power      Damage    Failure   Level
 Animate Skeleton         Necr           30%        N/A       3%          1
 Vampiric Draining        Necr           15%        2d7       11%         3
 Animate Dead             Necr           7%         N/A       34%         4
 Agony                    Necr           15%        N/A       67%         5


Dungeon Overview and Level Annotations

Branches:
Dungeon (1/15)

Altars:


Message History

Welcome, crazypyro the Demonspawn Necromancer.
Will you be the one to retrieve the wondrous Orb of Zot from the depths?
Press ? for a list of commands and other information.
Found a hunting sling.
Found two stairs.
Unknown command.
A jackal comes into view.
Found a scroll labelled XAROESKELIU.
A jackal comes into view.
A jackal comes into view.
The jackal barks!
The jackal writhes in agony.
The jackal writhes in agony.
You kill the jackal!
The jackal barks!
A goblin comes into view. It is wielding a +0 club.
The jackal barely resists.
The goblin shouts!
A jackal comes into view.
The jackal bites you. The jackal bites you.
You miscast Pain.
You are very lightly contaminated with residual magic.
Nothing appears to happen.
The jackal misses you. The jackal bites you. The jackal closely misses you.
The jackal bites you.
Your magical contamination has completely faded away.
You hit the jackal but do no damage. The jackal bites you.
* * * LOW HITPOINT WARNING * * *
The jackal bites you.
* * * LOW HITPOINT WARNING * * *
You hit the jackal.
The jackal is moderately wounded.
The jackal bites you.
You die...

...... #...# #...#
########><##########
......)............#
#..##......##..##.# #
.................#
#...######......######.#
#......@hh.g...........#
#.####################.#
......... #########
....... ....... ...?...
....... ...###.


You could see 2 jackals and a goblin.

Vanquished Creatures
  A jackal (D:1)
1 creature vanquished.

Notes
Turn   | Place    | Note
-------+----------+-------------------------------------------
     0 | D:1      | crazypyro the Demonspawn Necromancer began the quest for
                  | the Orb.
     0 | D:1      | Reached XP level 1. HP: 13/13 MP: 3/3
    43 | D:1      | Slain by a jackal

Illustrated notes

Levels and vault maps discovered:
D:1:      dpeg_arrival_line_fractal, layout_basic

Action                   || total
-------------------------++-------
Melee: Unarmed           ||     2
 Cast: Pain              ||     3
Dodge: Dodged            ||     2

Table legend: (Time is in decaauts)
 A = Elapsed time spent in this place.
 B = Non-inter-level travel time spent in this place.
 C = Inter-level travel time spent in this place.
 D = Time resting spent in this place.
 E = Time spent auto-exploring this place.
 F = Levels seen in this place.
 G = Mean time per level.
                   A        B        C        D        E       F      G
               +--------+--------+--------+--------+--------+-----+--------+
         Total |     43 |     43 |      0 |      0 |     16 |   1 |   43.0 |
       Dungeon |     43 |     43 |      0 |      0 |     16 |   1 |   43.0 |
               +--------+--------+--------+--------+--------+-----+--------+

Top non-repeatable levels by time:
     D:1: 43 daAuts
